 Dungeon Sprint DCSS version 0.23-a0-650-ga4d50d4 (webtiles) character file.

38300000 Ghella the Axe Maniac (level 27, -2961/298 HPs)
             Began as a Deep Dwarf Monk on Jan 3, 2019.
             Was the Champion of Makhleb.
             Annihilated by The Meatlord
             ... wielding the +7 sceptre of Torment {pain, torment}
              (3135 damage)
             ... in the Dungeon (Sprint VIII: "Arena of Blood").
             The game lasted 00:10:51 (383 turns).

Ghella the Axe Maniac (Deep Dwarf Monk)              Turns: 383, Time: 00:10:52

Health: -2961/298  AC:  4    Str: 18    XL:     27
Magic:  54/54      EV: 36    Int: 13    God:    Makhleb [******]
Gold:   0          SH:  0    Dex: 23    Spells: 80/80 levels left

rFire    + . .     SeeInvis +   j - +∞ Axe of Woe
rCold    . . .     Gourm    .   (shield currently unavailable)
rNeg     + . .     Faith    .   b - +0 robe
rPois    .         Spirit   .   (no helmet)
rElec    .         Reflect  .   (no cloak)
rCorr    .         Harm     .   (no gloves)
MR       ++++.     NoTele   +   (no boots)
Stlth    +++++++++.             (no amulet)
HPRegen  0.00/turn              k - ring of see invisible
MPRegen  0.34/turn              n - ring of protection from fire

@: non-regenerating
A: damage resistance, heal wounds, negative energy resistance 1, sense
surroundings 3, no regeneration
a: Heal Wounds, Minor Destruction, Lesser Servant of Makhleb, Major Destruction,
Greater Servant of Makhleb, Renounce Religion


You were in the Dungeon.
You worshipped Makhleb.
Makhleb was exalted by your worship.
You were not hungry.

You visited 1 branch

Inventory:

Hand Weapons
 a - a +0 spear
 j - the +∞ Axe of Woe (weapon)
   (You found it in the Dungeon)
Armour
 b - a +0 robe (worn)
Jewellery
 k - a ring of see invisible (left hand)
 l - a +30 ring of slaying
 m - a +30 ring of slaying
 n - a ring of protection from fire (right hand)
 o - an uncursed ring of protection from fire
 p - a +30 ring of slaying
 q - a +30 ring of slaying
 r - a +30 ring of slaying
Scrolls
 i - a scroll of blinking
Potions
 d - a potion of curing
 f - a potion of haste
 g - 2 potions of magic
 h - a potion of berserk rage
Comestibles
 c - a ration


   Skills:
 O Level 27 Fighting
 O Level 27 Axes
 O Level 27 Polearms
 O Level 27 Throwing
 O Level 27 Armour
 O Level 27 Dodging
 O Level 27 Stealth
 O Level 27 Unarmed Combat
 O Level 27 Spellcasting
 O Level 27 Invocations


You had 80 spell levels left.
You didn't know any spells.
Your spell library was empty.

Dungeon Overview and Level Annotations

Branches:
Dungeon (1/1)

Altars:
Makhleb

Annotations:
D The Meatlord


Innate Abilities, Weirdness & Mutations

You are resistant to damage.
You can heal yourself by infusing magical energy.
You resist negative energy. (rN+)
You passively map a large area around you.
You do not regenerate.


Message History

a +9 war axe x2
You hear a shout! x2
You hear a shout!
You hear a shout! x3
Dispater, Lord of the Iron City comes into view.
It is wielding the +7 sceptre You hear a shout!
The Meatlord shouts, "Embrace submission, thou pottle-deep pelf-dandling You hear a shout!
You hear a shout!
The Meatlord waves its arms in wide circles.
The air twists around and strikes you!
You hear a shout! x2
The Meatlord waves its arms in wide circles.
The air twists around and strikes you!
You feel much better.
You hear a shout! x3
You hear a shout!
The Meatlord hits you with the +7 sceptre of Torment {pain, torment}!!!!!!!!!
Ouch! That really hurt!
You die...

##....... ......_..))..).....☼☼
.#.....#. .....#.....#)......#.#☼
..###.... ....#_.<._#.........)°
.##. ..#.,, ...#.....#......#.#.#
#.%. .. # ,......_..............
#%... , ,........###.........#.#.
%.... ,...###.......###........
..%.. ,,.... #.&.....#..........
.... , ,.....#.@.....#..........
....o#...........................
....#.#.#.................#...#..
.....#.# ................#....#..
#...#.#.#..............##.....#..
##...#.#.....#.....)..#......#...
.#..................).#...###....
)o.##.......##.#...............#.
)...##)..........................


You could see The Meatlord.

Vanquished Creatures
  4 vampire knights (D)
  24 ogres (D)
  6 two-headed ogres (D)
  136 orcs (D)
170 creatures vanquished.

Notes
Turn   | Place    | Note
-------+----------+-------------------------------------------
     0 | D        | Found the +∞ Axe of Woe
     0 | D        | Ghella the Deep Dwarf Monk began the quest for the Orb.
     0 | D        | Reached XP level 1. HP: 20/20 MP: 1/1
     2 | D        | Noticed a bag of meat
     3 | D        | Noticed a bag of meat
     4 | D        | Became a worshipper of Makhleb the Destroyer
     4 | D        | Reached * piety under Makhleb
     4 | D        | Reached ** piety under Makhleb
     4 | D        | Noticed a bag of meat
     5 | D        | Noticed a bag of meat
     6 | D        | Noticed a bag of meat
     8 | D        | Killed a bag of meat
     8 | D        | Reached skill level 27 in Axes
     8 | D        | Reached XP level 2. HP: 27/27 MP: 2/2
     8 | D        | Reached XP level 3. HP: 33/33 MP: 3/3
     8 | D        | Reached XP level 4. HP: 40/40 MP: 4/4
     8 | D        | Reached XP level 5. HP: 46/46 MP: 5/5
     8 | D        | Reached XP level 6. HP: 55/55 MP: 6/6
     8 | D        | Reached XP level 7. HP: 61/61 MP: 7/7
     8 | D        | Reached XP level 8. HP: 68/68 MP: 8/8
     8 | D        | Gained mutation: You passively map the area around you.
                  | [Deep Dwarf growth]
     8 | D        | Reached XP level 9. HP: 74/74 MP: 9/9
     8 | D        | Reached XP level 10. HP: 81/81 MP: 10/10
     8 | D        | Reached XP level 11. HP: 88/88 MP: 11/11
     8 | D        | Noticed a bag of meat
     9 | D        | Killed a bag of meat
     9 | D        | Reached XP level 12. HP: 136/136 MP: 12/12
    11 | D        | Killed a bag of meat
    11 | D        | Reached XP level 13. HP: 156/156 MP: 13/13
    11 | D        | Noticed a bag of meat
    12 | D        | Killed a bag of meat
    12 | D        | Reached *** piety under Makhleb
    12 | D        | Gained mutation: You resist negative energy. (rN+) [Deep
                  | Dwarf growth]
    12 | D        | Reached XP level 14. HP: 172/172 MP: 14/14
    13 | D        | Noticed a meat berserker
    13 | D        | Noticed a bag of meat
    13 | D        | Noticed a bag of meat
    13 | D        | Noticed a bag of meat
    14 | D        | Noticed a meat berserker
    14 | D        | Noticed a bag of meat
    14 | D        | Noticed a bag of meat
    14 | D        | Noticed a bag of meat
    14 | D        | Noticed a bag of meat
    14 | D        | Noticed a bag of meat
    15 | D        | Noticed a destroyer
    15 | D        | Noticed a bag of meat
    15 | D        | Noticed a bag of meat
    17 | D        | Killed a meat berserker
    17 | D        | Reached skill level 27 in Fighting
    17 | D        | Reached XP level 15. HP: 190/190 MP: 15/15
    17 | D        | Killed a meat berserker
    18 | D        | Reached **** piety under Makhleb
    18 | D        | Reached XP level 16. HP: 200/200 MP: 16/16
    18 | D        | Noticed a meat berserker
    18 | D        | Noticed a meat berserker
    19 | D        | Reached skill level 27 in Dodging
    20 | D        | Reached ***** piety under Makhleb
    20 | D        | Reached skill level 27 in Stealth
    20 | D        | Reached XP level 17. HP: 208/208 MP: 17/17
    21 | D        | Reached skill level 15 in Armour
    23 | D        | Killed a destroyer
    23 | D        | Reached skill level 27 in Armour
    23 | D        | Gained mutation: You passively map a large area around you.
                  | [Deep Dwarf growth]
    23 | D        | Reached XP level 18. HP: 218/218 MP: 18/18
    23 | D        | Killed a meat berserker
    24 | D        | Reached XP level 19. HP: 226/226 MP: 19/19
    24 | D        | Reached skill level 27 in Unarmed Combat
    25 | D        | Noticed a large bag of meat
    26 | D        | Killed a meat berserker
    26 | D        | Reached ****** piety under Makhleb
    27 | D        | Reached XP level 20. HP: 236/236 MP: 20/20
    28 | D        | Reached skill level 27 in Polearms
    28 | D        | Reached skill level 10 in Throwing
    28 | D        | Noticed a destroyer
    30 | D        | Noticed a meat berserker
    32 | D        | Killed a large bag of meat
    32 | D        | Reached skill level 15 in Spellcasting
    32 | D        | Reached XP level 21. HP: 244/244 MP: 20/40
    35 | D        | Reached skill level 27 in Invocations
    36 | D        | Reached XP level 22. HP: 254/254 MP: 21/48
    38 | D        | Reached skill level 27 in Throwing
    38 | D        | Reached skill level 27 in Spellcasting
    41 | D        | Reached XP level 23. HP: 262/262 MP: 23/54
    52 | D        | Reached XP level 24. HP: 272/272 MP: 26/54
    76 | D        | Reached XP level 25. HP: 280/280 MP: 33/54
    96 | D        | Killed a destroyer
    96 | D        | Reached XP level 26. HP: 290/290 MP: 39/54
   103 | D        | Reached XP level 27. HP: 298/298 MP: 41/54
   118 | D        | Noticed a large bag of meat
   129 | D        | Killed a large bag of meat
   175 | D        | Noticed a large bag of meat
   176 | D        | Noticed a large bag of meat
   177 | D        | Noticed a destroyer
   203 | D        | Killed a large bag of meat
   204 | D        | Killed a destroyer
   205 | D        | Noticed a destroyer
   207 | D        | Killed a large bag of meat
   208 | D        | Killed a destroyer
   300 | D        | Noticed a large bag of meat
   308 | D        | Killed a large bag of meat
   333 | D        | Noticed a large bag of meat
   347 | D        | Killed a large bag of meat
   378 | D        | Noticed The Meatlord
   383 | D        | Annihilated by The Meatlord

Vault maps used:
D:        meatsprint

Skill      XL: |  1  2  3  4  5  6  7  8  9 10 11 12 13 14 15 16 17 18 19 20 21 22 |
---------------+-------------------------------------------------------------------+-----
Axes           | 27 | 27.0
Fighting       | 17 21 23 27 | 27.0
Dodging        | 13 26 27 | 27.0
Stealth        | 27 | 27.0
Armour         | 2 27 | 27.0
Unarmed Combat | 12 25 27 | 27.0
Polearms       | 24 27 | 27.0
Throwing       | 16 23 27 | 27.0
Spellcasting   | 15 22 27 | 27.0
Invocations    | 21 27 | 27.0

Action                   |  1- 3 |  4- 6 |  7- 9 | 10-12 | 13-15 | 16-18 | 19-21 | 22-24 | 25-27 || total
-------------------------+-------+-------+-------+-------+-------+-------+-------+-------+-------++-------
Melee: Executioner's axe |     1 |       |       |     2 |     3 |     5 |     8 |    14 |    88 ||   121
  Use: Potion            |       |       |       |       |       |       |       |       |     1 ||     1
Dodge: Dodged            |       |       |       |       |       |       |     1 |     1 |    16 ||    18

Table legend:
 A = Non-vault XP
 B = Vault XP
 C = Vault XP percentage of total XP
 D = Non-vault monster count
 E = Vault monster count
 F = Vault count percentage of total count
                 A         B        C        D         E       F
            +---------+---------+-------+---------+---------+-------
      Total |       0 | 3863430 | 100.0 |       0 |     170 | 100.0
            +---------+---------+-------+---------+---------+-------
          D |       0 | 3863430 | 100.0 |       0 |     170 | 100.0
            +---------+---------+-------+---------+---------+-------
